 Dungeon Crawl Stone Soup version 0.21.1-1-g345015f (webtiles) character file.

47329 Mirai the Severer (level 14, 0/132 HPs)
             Began as a Hill Orc Fighter on Mar 19, 2018.
             Was a High Priest of Okawaru.
             Blown up by an orb spider (32 damage)
             ... with an orb of destruction
             ... on level 1 of the Spider Nest on Mar 20, 2018.
             The game lasted 01:05:34 (18674 turns).

Mirai the Severer (Hill Orc Fighter)               Turns: 18674, Time: 01:05:35

Health: 0/132      AC: 36    Str: 24    XL:     14   Next: 41%
Magic:  21/27      EV:  7    Int: 17    God:    Okawaru [*****.]
Gold:   1310       SH:  0    Dex: 10    Spells: 13/13 levels left

rFire    + + .     SeeInvis .   a - +2 battleaxe (venom)
rCold    . . .     Gourm    .   (shield currently unavailable)
rNeg     . . .     Faith    .   Y - +7 crystal plate armour of Heresy {rF+ MR+ Int+4}
rPois    +         Spirit   .   y - +0 helmet
rElec    .         Reflect  .   G - +0 cloak
rCorr    .         Harm     .   S - +0 pair of gloves of Jabu {Stlth+}
MR       ++...                  U - +0 pair of boots {run}
Stlth    ..........             (no amulet)
HPRegen  0.32/turn              d - +5 ring of intelligence
MPRegen  0.20/turn              E - ring of magical power

@: finesse, quick
A: thin metallic scales 1, blurry vision 1, fire resistance 1, poison resistance
a: Heroism, Finesse, Renounce Religion


You were on level 1 of the Spider Nest.
You worshipped Okawaru.
Okawaru was extremely pleased with you.
You were not hungry.

You visited 4 branches of the dungeon, and saw 19 of its levels.

You collected 1310 gold pieces.

Inventory:

Hand Weapons
 a - a +2 battleaxe of venom (weapon)
 b - a +5 dire flail of holy wrath
 J - the +1 war axe "Joblooss" {speed, rPois Str+3 Int+4 Stlth+}
   (You found it on level 4 of the Lair of Beasts)

   Attacks with this weapon are significantly faster.
   It affects your strength (+3).
   It affects your intelligence (+4).
   It protects you from poison.
   It makes you more stealthy.
 K - a +5 broad axe of chopping
Missiles
 N - 7 tomahawks (quivered)
Armour
 c - a +0 shield
 y - a +0 helmet (worn)
 G - a +0 cloak (worn)
 S - the +0 pair of gloves of Jabu (worn) {Stlth+}
   (You found it on level 4 of the Lair of Beasts)

   It makes you more stealthy.
 U - a +0 pair of boots of running (worn)
 Y - the +7 crystal plate armour of Heresy (worn) {rF+ MR+ Int+4}
   (Okawaru gifted it to you on level 6 of the Lair of Beasts)

   It affects your intelligence (+4).
   It protects you from fire.
   It affects your resistance to hostile enchantments.
Jewellery
 d - a +5 ring of intelligence (left hand)
 j - an uncursed ring of wizardry
 r - an uncursed ring of wizardry
 E - a ring of magical power (right hand)
 R - an uncursed ring of magical power
 W - an uncursed ring of poison resistance
Wands
 k - a wand of flame (58)
 n - a wand of paralysis (28)
 A - a wand of disintegration (11)
 I - a wand of clouds (7)
 O - a wand of random effects (28)
 Q - a wand of digging (17)
Scrolls
 g - 2 scrolls of magic mapping
 m - 9 scrolls of identify
 o - 3 scrolls of remove curse
 p - 3 scrolls of teleportation
 u - 2 scrolls of fear
 H - a scroll of fog
 V - a scroll of acquirement {unknown}
Potions
 e - 2 potions of heal wounds
 h - 2 potions of brilliance
 i - a potion of berserk rage
 l - 8 potions of curing
 q - 4 potions of lignification
 z - 2 potions of agility
 F - a potion of mutation
 L - 2 potions of haste
 M - 3 potions of might
 X - a potion of ambrosia {unknown}
Books
 s - a book of Minor Magic

   Spells                             Type                      Level
   a - Magic Dart                     Conjuration                  1
   b - Blink                          Translocation                2
   c - Call Imp                       Summoning                    2
   d - Slow                           Hexes                        2
   e - Conjure Flame                  Conjuration/Fire             3
   f - Mephitic Cloud                 Conjuration/Poison/Air       3
 t - a book of Power

   Spells                             Type                      Level
   a - Iskenderun's Battlesphere      Conjuration/Charms           5
   b - Venom Bolt                     Conjuration/Poison           5
   c - Bolt of Magma                  Conjuration/Fire/Earth       5
   d - Iron Shot                      Conjuration/Earth            6
   e - Orb of Destruction             Conjuration                  7
   f - Spellforged Servitor           Conjuration/Summoning        7
 v - a book of the Earth

   Spells                             Type                      Level
   a - Leda's Liquefaction            Hexes/Earth                  4
   b - Bolt of Magma                  Conjuration/Fire/Earth       5
   c - Statue Form                    Transmutation/Earth          6
   d - Iron Shot                      Conjuration/Earth            6
   e - Shatter                        Earth                        9
 w - a book of Dreams

   Spells                             Type                      Level
   a - Ensorcelled Hibernation        Hexes/Ice                    2
   b - Borgnjor's Vile Clutch         Necromancy/Earth             5
   c - Silence                        Hexes/Air                    5
   d - Darkness                       Hexes                        6
   e - Shadow Creatures               Summoning                    6
 B - a book of Battle

   Spells                             Type                      Level
   a - Infusion                       Charms                       1
   b - Shroud of Golubria             Charms/Translocation         2
   c - Song of Slaying                Charms                       2
   d - Spectral Weapon                Hexes/Charms                 3
   e - Regeneration                   Charms/Necromancy            3
 C - a book of Unlife

   Spells                             Type                      Level
   a - Recall                         Summoning/Translocation      3
   b - Animate Dead                   Necromancy                   4
   c - Borgnjor's Vile Clutch         Necromancy/Earth             5
   d - Death Channel                  Necromancy                   6
   e - Simulacrum                     Ice/Necromancy               6
Comestibles
 f - 38 rations


   Skills:
 + Level 14.1 Fighting
 + Level 20.3 Axes
 + Level 12.2 Armour
 + Level 4.8 Dodging
 - Level 4.3 Shields
 + Level 5.7 Invocations


You had 13 spell levels left.
You didn't know any spells.

Dungeon Overview and Level Annotations

Branches:
Dungeon (11/15)            Temple (1/1) D:4            Lair (6/6) D:11
 Shoals (0/4) Lair:3       Spider (1/4) Lair:3        Slime (0/5) Lair:6
    Orc: D:9-12

Altars:
Dithmenos
Elyvilon
Hepliaklqana
Makhleb
Nemelex Xobeh
Okawaru
Qazlal
Ru
Sif Muna
Trog
Uskayaw
Vehumet
Wu Jian
Yredelemnul
Zin

Shops:
D:4 (   D:6 *


Innate Abilities, Weirdness & Mutations

You are partially covered in thin metallic scales. (AC +2)
Scrolls take you a little longer to read.
Your flesh is heat resistant. (rF+)
Your system is resistant to poisons. (rPois)


Message History

The jumping spider closely misses you. The jumping spider bites you.
* * * LOW HITPOINT WARNING * * *
The jumping spider pounces on you but does no damage.
The jumping spider bites you but does no damage.
Found a scroll of teleportation.
You feel like a meek peon again.
The jumping spider leaps!
Found a longbow.
The jumping spider pounces on you but does no damage.
The jumping spider bites you.
* * * LOW HITPOINT WARNING * * *
You slash the jumping spider!
The jumping spider is moderately wounded.
The orb spider weaves a glowing orb of energy.
An orb of destruction comes into view.
You slice the jumping spider!!
You kill the jumping spider!
Okawaru accepts your kill. The orb of destruction hits you!
You die...

.......^†........#....##
...........†........#..#
.#.......#?...........<#
......#††..............#
......#.........).....##
...#...s............###
............#.......#
..................#.#
........@....#..#....
........§............
......#.§#......
.......s.^......
....#...?.......
.......#........
.......#.......#
........).......
.#............


You could see 2 orb spiders.

Vanquished Creatures
  Gastronok (Lair:3)
  An emperor scorpion (Spider:1)
  A fire dragon (Lair:6)
  4 hydras
  2 two-headed ogres
  11 death yaks
  Erica (D:8)
  Pikel (D:4)
  A lindwurm (Lair:6)
  13 elephants
  8 black mambas
  3 molten gargoyles (Lair:6)
  7 spiny frogs
  2 torpor snails
  10 komodo dragons
  3 rime drakes
  A queen bee (D:8)
  3 jumping spiders
  A troll (D:9)
  3 polar bears
  6 dream sheep (Lair:5)
  Prince Ribbit (D:9)
  3 hippogriffs
  2 tarantellas (Spider:1)
  3 redbacks (Spider:1)
  16 yaks
  3 basilisks (Lair:6)
  2 wyverns
  2 steam dragons (Lair:6)
  4 vampire mosquitoes
  3 hungry ghosts (D:9)
  Menkaure (D:5)
  Edmund (D:5)
  14 water moccasins
  The ghost of Ratty the Grave Robber, an amateur DENe (D:4)
  2 hell hounds (Lair:6)
  8 porcupines
  4 orc warriors
  3 sky beasts
  2 ice beasts
  2 eyes of draining (D:9)
  A black bear (D:11)
  A phantom (D:7)
  3 ogres
  2 centaurs
  14 wolves
  10 crocodiles
  3 big kobolds
  A wyvern zombie (D:11)
  13 bullfrogs
  2 scorpions
  14 killer bees (D:8)
  4 wights (D:9)
  3 howler monkeys (D:10)
  An electric eel (Lair:3)
  4 crimson imps
  5 lava snakes (Lair:6)
  3 bullfrog zombies
  A centaur zombie (D:5)
  2 jellies
  7 hounds
  2 orc priests (D:9)
  Crazy Yiuf (D:7)
  6 orc wizards
  5 worker ants
  3 hound zombies
  2 hound skeletons
  A howler monkey zombie (D:6)
  A worker ant zombie (D:5)
  11 adders
  A shadow imp (D:5)
  An adder zombie (D:5)
  A worm (D:3)
  4 leopard geckos
  37 orcs
  10 bats
  2 giant cockroaches
  8 goblins
  3 hobgoblins (D:3)
  11 jackals
  23 kobolds
  5 quokkas
  A ball python (D:2)
  2 frilled lizards
  A jackal zombie (D:6)
  A leopard gecko skeleton (D:4)
  A leopard gecko zombie (D:6)
  A quokka zombie (D:6)
  6 rats
  9 fungi
  6 plants
420 creatures vanquished.

Vanquished Creatures (others)
  An adder (D:4)
  A giant cockroach (D:4)
  2 fungi (Lair:2)
  3 plants (Lair:2)
7 creatures vanquished.

Grand Total: 427 creatures vanquished

Notes
Turn   | Place    | Note
-------+----------+-------------------------------------------
     0 | D:1      | Mirai the Hill Orc Fighter began the quest for the Orb.
     0 | D:1      | Reached XP level 1. HP: 19/19 MP: 1/1
     2 | D:1      | Noticed a troll
     4 | D:1      | Noticed an elf
     6 | D:1      | Noticed a minotaur zombie
     7 | D:1      | Noticed a formicid
    16 | D:1      | Noticed a minotaur skeleton
    18 | D:1      | Noticed a human
    22 | D:1      | Noticed an elf
   176 | D:1      | Reached XP level 2. HP: 20/27 MP: 2/2
   942 | D:2      | Reached XP level 3. HP: 25/33 MP: 3/3
  1179 | D:2      | Reached skill level 3 in Axes
  1432 | D:2      | Found a stormy altar of Qazlal.
  1545 | D:2      | Reached XP level 4. HP: 40/40 MP: 4/4
  2138 | D:3      | Reached skill level 4 in Axes
  3008 | D:4      | Noticed a slave
  3009 | D:4      | Noticed Pikel
  3009 | D:4      | Noticed a slave
  3009 | D:4      | Noticed a slave
  3010 | D:4      | Noticed a slave
  3019 | D:4      | Killed Pikel
  3019 | D:4      | Reached skill level 5 in Fighting
  3019 | D:4      | Reached skill level 7 in Axes
  3019 | D:4      | Reached skill level 1 in Dodging
  3019 | D:4      | Reached XP level 5. HP: 18/48 MP: 5/5
  3019 | D:4      | Reached XP level 6. HP: 21/56 MP: 6/6
  3019 | D:4      | Reached XP level 7. HP: 23/61 MP: 7/7
  3066 | D:4      | Found a staircase to the Ecumenical Temple.
  3084 | Temple   | Entered the Ecumenical Temple
  3099 | Temple   | Became a worshipper of Warmaster Okawaru
  3162 | D:4      | Found Pozuaw's Weapon Shoppe.
  3326 | D:4      | Noticed Ratty's ghost (amateur DENe)
  3335 | D:4      | Killed Ratty's ghost
  3335 | D:4      | Reached skill level 5 in Armour
  3563 | D:5      | Entered Level 5 of the Dungeon
  3879 | D:5      | Reached skill level 8 in Axes
  3919 | D:5      | Reached XP level 8. HP: 67/69 MP: 8/8
  4045 | D:5      | Noticed Menkaure
  4052 | D:5      | Killed Menkaure
  4318 | D:5      | Reached * piety under Okawaru
  4326 | D:5      | Noticed Edmund
  4336 | D:5      | Killed Edmund
  4336 | D:5      | Reached skill level 9 in Axes
  4901 | D:6      | Reached skill level 10 in Axes
  4926 | D:6      | Found Xuuh's General Store.
  4991 | D:6      | Reached XP level 9. HP: 9/77 MP: 9/9
  5705 | D:7      | Reached ** piety under Okawaru
  5999 | D:7      | Reached skill level 11 in Axes
  6046 | D:7      | Reached skill level 1 in Invocations
  6316 | D:7      | Found a runed door.
  6320 | D:7      | Noticed Crazy Yiuf
  6329 | D:7      | Paralysed by Crazy Yiuf for 4 turns
  6337 | D:7      | Killed Crazy Yiuf
  6525 | D:8      | Noticed a queen bee
  6536 | D:8      | Noticed Erica
  6539 | D:8      | Killed a queen bee
  6542 | D:8      | Reached *** piety under Okawaru
  7151 | D:8      | Reached skill level 12 in Axes
  7174 | D:8      | Killed Erica
  7174 | D:8      | Reached XP level 10. HP: 58/88 MP: 12/12
  7225 | D:8      | Reached **** piety under Okawaru
  7810 | D:8      | Reached skill level 13 in Axes
  7983 | D:9      | Noticed a two-headed ogre
  7994 | D:9      | Killed a two-headed ogre
  8781 | D:9      | Noticed Prince Ribbit
  8792 | D:9      | Reached ***** piety under Okawaru
  8792 | D:9      | Reached skill level 14 in Axes
  8805 | D:9      | Killed Prince Ribbit
  8805 | D:9      | Reached XP level 11. HP: 42/97 MP: 13/13
  9063 | D:9      | Received a gift from Okawaru
  9406 | D:10     | Entered Level 10 of the Dungeon
 10016 | D:9      | Gained mutation: Scrolls take you a little longer to read. [potion of mutation]
 10016 | D:9      | Gained mutation: Your system is resistant to poisons. (rPois) [potion of mutation]
 10016 | D:9      | Gained mutation: Your flesh is heat resistant. (rF+) [potion of mutation]
 10016 | D:9      | Gained mutation: You are partially covered in thin metallic scales. (AC +2) [potion of mutation]
 10030 | D:10     | Noticed a two-headed ogre
 10039 | D:10     | Killed a two-headed ogre
 10039 | D:10     | Reached skill level 10 in Fighting
 10739 | D:11     | Reached skill level 15 in Axes
 10766 | D:11     | Found a staircase to the Lair.
 10808 | Lair:1   | Entered Level 1 of the Lair of Beasts
 11178 | Lair:1   | Received a gift from Okawaru
 11198 | Lair:1   | Noticed a six-headed hydra
 11199 | Lair:1   | Noticed a six-headed hydra
 11221 | Lair:1   | Killed a six-headed hydra
 11231 | Lair:1   | Killed a six-headed hydra
 11231 | Lair:1   | Reached skill level 10 in Armour
 11926 | Lair:2   | Reached skill level 16 in Axes
 11928 | Lair:2   | Reached XP level 12. HP: 50/110 MP: 14/14
 12221 | Lair:2   | Noticed a death yak
 12235 | Lair:2   | Noticed a death yak
 12236 | Lair:2   | Killed a death yak
 12237 | Lair:2   | Noticed a death yak
 12237 | Lair:2   | Noticed a death yak
 12237 | Lair:2   | Noticed a death yak
 12254 | Lair:2   | Killed a death yak
 12259 | Lair:2   | Killed a death yak
 12272 | Lair:2   | Killed a death yak
 12272 | Lair:2   | Received a gift from Okawaru
 12281 | Lair:2   | Killed a death yak
 12398 | Lair:2   | Noticed a death yak
 12405 | Lair:2   | Killed a death yak
 12405 | Lair:2   | Reached skill level 17 in Axes
 13483 | Lair:3   | Found a staircase to the Shoals.
 13560 | Lair:3   | Found a hole to the Spider Nest.
 13592 | Lair:3   | Received a gift from Okawaru
 13677 | Lair:3   | Noticed Gastronok
 13687 | Lair:3   | Reached XP level 13. HP: 109/119 MP: 15/15
 13704 | Lair:3   | Killed Gastronok
 13704 | Lair:3   | Reached ****** piety under Okawaru
 13704 | Lair:3   | Received a gift from Okawaru
 13704 | Lair:3   | Reached skill level 18 in Axes
 14620 | Lair:4   | Got a crude war axe
 14740 | Lair:4   | Got a pair of faintly glowing gloves
 14759 | Lair:4   | Identified the cursed +0 pair of gloves of Jabu {Stlth+} (You found it on level 4 of the Lair of Beasts)
 14768 | Lair:4   | Identified the cursed +1 war axe "Joblooss" {speed, rPois Str+3 Int+4 Stlth+} (You found it on level 4 of the Lair of Beasts)
 15617 | Lair:5   | Received a gift from Okawaru
 15620 | Lair:5   | Reached skill level 5 in Invocations
 15634 | Lair:5   | Identified a +0 pair of boots of running (Okawaru gifted it to you on level 5 of the Lair of Beasts)
 15990 | Lair:5   | Reached skill level 19 in Axes
 16901 | Lair:6   | Entered Level 6 of the Lair of Beasts
 17138 | Lair:6   | Reached XP level 14. HP: 129/129 MP: 17/17
 17166 | Lair:6   | Found a staircase to the Slime Pits.
 17498 | Lair:6   | Reached skill level 20 in Axes
 17501 | Lair:6   | Received a gift from Okawaru
 17506 | Lair:6   | Got a faintly glowing crystal plate armour {god gift}
 17809 | Lair:6   | Identified the +7 crystal plate armour of Heresy {rF+ MR+ Int+4} (Okawaru gifted it to you on level 6 of the Lair of Beasts)
 18037 | Lair:6   | Found a large runed door.
 18038 | Lair:6   | Found a large runed door.
 18614 | Spider:1 | Entered Level 1 of the Spider Nest
 18622 | Spider:1 | Noticed an emperor scorpion
 18666 | Spider:1 | Killed an emperor scorpion
 18674 | Spider:1 | Blown up by an orb spider

Skill      XL: |  1  2  3  4  5  6  7  8  9 10 11 12 13 14 |
---------------+-------------------------------------------+-----
Fighting       | 4 5 6 7 9 11 12 13 14 | 14.1
Shields        | 4 |  4.3
Axes           | 3 7 8 10 12 14 16 17 19 20 | 20.3
Armour         | 4 5 6 7 9 10 11 12 | 12.2
Dodging        | 1 2 3 4 |  4.8
Invocations    | 3 5 |  5.7

Action                   |  1- 3 |  4- 6 |  7- 9 | 10-12 | 13-15 || total
-------------------------+-------+-------+-------+-------+-------++-------
Melee: War axe           |   126 |   100 |   277 |       |       ||   503
       Battleaxe         |       |       |    69 |   547 |   322 ||   938
       Dire flail        |       |       |       |    18 |    14 ||    32
Invok: Heroism           |       |       |     1 |     4 |     7 ||    12
       Finesse           |       |       |       |     1 |     6 ||     7
  Use: Potion            |       |     1 |     4 |    10 |       ||    15
       Scroll            |       |       |    12 |    13 |     5 ||    30
 Stab: Invisible         |       |       |       |     2 |       ||     2
  Eat: Chunk             |     2 |     4 |    12 |    21 |    12 ||    51
       Ration            |       |       |     1 |     2 |     1 ||     4
Armor: Scale mail        |    62 |    67 |       |       |       ||   129
       Chain mail        |       |       |   209 |   601 |   168 ||   978
       Crystal plate arm |       |       |       |       |    93 ||    93
Dodge: Dodged            |    45 |    45 |   134 |   335 |   167 ||   726
Block: Shield            |    74 |    41 |       |       |       ||   115
       Buckler           |       |    18 |    44 |       |       ||    62
